 Dungeon Crawl Stone Soup version 0.24-a0-640-ge7cd8ce (webtiles) character file.

26 stealthycow the Chopper (level 2, -1/27 HPs)
             Began as a Minotaur Berserker on Nov 11, 2018.
             Was a Follower of Trog.
             Succumbed to a worker ant's poison
             ... on level 2 of the Dungeon on Sept 24, 2019.
             The game lasted 00:06:22 (1112 turns).

stealthycow the Chopper (Minotaur Berserker)        Turns: 1112, Time: 00:06:23

Health: -1/27      AC:  5    Str: 21    XL:     2   Next: 89%
Magic:  1/1        EV: 10    Int:  4    God:    Trog [*.....]
Gold:   44         SH:  3    Dex:  9    Spells: 1/1 levels left

rFire    . . .     SeeInvis .   a - +0 hand axe
rCold    . . .     Gourm    .   f - +0 buckler
rNeg     . . .     Faith    .   k - +0 ring mail
rPois    .         Spirit   .   (helmet restricted)
rElec    .         Reflect  .   (no cloak)
rCorr    .         Harm     .   (no gloves)
MR       .....                  (no boots)
Stlth    ..........             (no amulet)
HPRegen  0.09/turn              (no ring)
MPRegen  0.07/turn              (no ring)

@: lethally poisoned (-1 -> -16)
A: retaliatory headbutt, horns 2
a: Berserk, Renounce Religion


You were on level 2 of the Dungeon.
You worshipped Trog.
Trog was aware of your devotion.
You were not hungry.

You visited 1 branch of the dungeon, and saw 2 of its levels.

You collected 44 gold pieces.

Inventory:

Hand Weapons
 a - a +0 hand axe (weapon)
Armour
 f - a +0 buckler (worn)
 k - a +0 ring mail (worn)
Wands
 n - a wand of polymorph (8)
Scrolls
 d - 3 scrolls of teleportation
 e - a scroll of magic mapping {unknown}
 i - a scroll of amnesia {unknown}
 l - a scroll of identify {unknown}
 m - a scroll of blinking {unknown}
Potions
 g - a potion of brilliance {unknown}
 h - 2 potions of curing {unknown}
 j - 2 potions of degeneration {unknown}
Comestibles
 b - a chunk of flesh
 c - 2 rations


   Skills:
 + Level 4.0 Fighting
 * Level 4.4 Axes
 + Level 2.9 Armour
 - Level 2.1 Dodging
 + Level 0.0 Shields


You had one spell level left.
You didn't know any spells.
Your spell library was empty.

Dungeon Overview and Level Annotations

Branches:
Dungeon (2/15)

Altars:


Innate Abilities, Weirdness & Mutations

You reflexively headbutt those who attack you in melee.
You have a pair of horns on your head.


Message History

You barely miss the worker ant.
You feel sick. The worker ant bites you.
You barely miss the worker ant. Your headbutt misses the worker ant.
You feel sick. The worker ant bites you.
You are lethally poisoned!
The worker ant poisons you! You block the worker ant's attack.
You are too injured to fight recklessly!
You are too injured to fight recklessly!
You are too injured to fight recklessly!
You hit the worker ant but do no damage.
You feel sick. The worker ant bites you.
* * * LOW HITPOINT WARNING * * *
* * * LOW HITPOINT WARNING * * *
You feel sick.
* * * LOW HITPOINT WARNING * * *
You feel sick. The worker ant bites you.
* * * LOW HITPOINT WARNING * * *
You are more poisoned.
The worker ant poisons you!
You die...

#.# #.#
#.########
#..).....#
#######.##
#.# #.# #.#
##########@#
.........a.#
############


You could see a worker ant.

Vanquished Creatures
  A leopard gecko (D:1)
  A giant cockroach (D:1)
  3 goblins (D:1)
  4 hobgoblins (D:1)
  2 jackals (D:1)
  2 bats (D:1)
  4 frilled lizards (D:1)
  3 kobolds
  5 rats
25 creatures vanquished.

Notes
Turn   | Place    | Note
-------+----------+-------------------------------------------
     0 | D:1      | stealthycow the Minotaur Berserker began the quest for the
                  | Orb.
     0 | D:1      | Reached XP level 1. HP: 19/19 MP: 0/0
     7 | D:1      | Upgraded the game from 0.23-a0-419-g0174fd8 to
                  | 0.24-a0-640-ge7cd8ce
   244 | D:1      | Reached XP level 2. HP: 26/27 MP: 1/1
  1111 | D:2      | HP: 1/27 [worker ant (2)]
  1112 | D:2      | Succumbed to a worker ant's poison

Levels and vault maps discovered:
D:1:      scummos_arrival_simple_crosswalls
D:2:      layout_basic, tso_oasis_becter, lemuel_coloured_pillars_altar,
          lemuel_round_altar, corexii_shack

Skill      XL: |  1  2 |
---------------+-------+-----
Axes           | 4 |  4.4
Fighting       | 4 |  4.0
Armour         | |  2.9
Dodging        | |  2.1

Action                   || total
-------------------------++-------
Melee: Hand axe          ||    57
       Headbutt          ||     4
  Use: Scroll            ||     1
  Eat: Chunk             ||     1
Armor: Animal skin       ||     5
       Ring mail         ||     3
Dodge: Dodged            ||    30
Block: Buckler           ||     1

Table legend:
 A = Non-vault XP
 B = Vault XP
 C = Vault XP percentage of total XP
 D = Non-vault monster count
 E = Vault monster count
 F = Vault count percentage of total count
                 A         B        C        D         E       F
            +---------+---------+-------+---------+---------+-------
      Total |      38 |       0 |   0.0 |      25 |       0 |   0.0
            +---------+---------+-------+---------+---------+-------
        D:1 |      34 |       0 |   0.0 |      21 |       0 |   0.0
        D:2 |       4 |       0 |   0.0 |       4 |       0 |   0.0
            +---------+---------+-------+---------+---------+-------
